[ AOE2 MATCH · #474949904 ]
UnrankedKhmer vs Burgundians
[ REPLAY ANALYSIS · EXTRACTED FROM THE RECORDED GAME ]
Feudal
9:31
Castle
16:03
Imperial
33:17
| APM avg | 49.4 |
| APM peak | 105 |
| eAPM avg | 23.7 |
| Villagers / military | 136 / 42 |
Focus
⚔️ 33.8% · 🌾 66.2%
Battle Elephant ×19 · Scout Cavalry ×17 · Mangonel ×4 · Knight ×2
Feudal
13:02
Castle
16:57
Imperial
29:03
| APM avg | 39.7 |
| APM peak | 65 |
| eAPM avg | 22.5 |
| Villagers / military | 114 / 126 |
Focus
⚔️ 28.6% · 🌾 71.4%
Knight ×102 · Fishing Ship ×48 · Scout Cavalry ×14 · Petard ×9 · Mangonel ×1
Feudal
9:42
Castle
16:18
Imperial
31:51
| APM avg | 38.7 |
| APM peak | 78 |
| eAPM avg | 22.6 |
| Villagers / military | 127 / 16 |
Focus
⚔️ 14.9% · 🌾 85.1%
Mangonel ×14 · Camel Scout ×1 · Battering Ram ×1
Feudal
11:46
Castle
15:16
Imperial
28:19
| APM avg | 45.7 |
| APM peak | 91 |
| eAPM avg | 22.9 |
| Villagers / military | 85 / 6 |
Focus
⚔️ 29.3% · 🌾 70.7%
Unknown (2579) ×78 · Fishing Ship ×39 · Trebuchet (Packed) ×4 · Monk ×2
Feudal
10:37
Castle
14:55
Imperial
33:18
| APM avg | 36.3 |
| APM peak | 68 |
| eAPM avg | 19.3 |
| Villagers / military | 178 / 74 |
Focus
⚔️ 23.8% · 🌾 76.2%
Longbowman ×50 · Knight ×24
Feudal
11:19
Castle
15:14
Imperial
28:57
| APM avg | 38.4 |
| APM peak | 113 |
| eAPM avg | 23.3 |
| Villagers / military | 167 / 54 |
Focus
⚔️ 19.2% · 🌾 80.8%
Monaspa ×52 · Trade Cart ×7 · Monk ×1 · Petard ×1
Feudal
11:21
Castle
14:53
Imperial
27:39
| APM avg | 36.5 |
| APM peak | 78 |
| eAPM avg | 23.3 |
| Villagers / military | 125 / 24 |
Focus
⚔️ 33.7% · 🌾 66.3%
Monk ×15 · Battering Ram ×4 · Trebuchet (Packed) ×4 · Mangonel ×1
Feudal
10:55
Castle
14:54
Imperial
29:12
| APM avg | 40.9 |
| APM peak | 149 |
| eAPM avg | 29.7 |
| Villagers / military | 151 / 135 |
Focus
⚔️ 31.0% · 🌾 69.0%
Spearman ×113 · Mangonel ×8 · Trebuchet (Packed) ×8 · Militia ×4 · Monk ×1 · Woad Raider ×1
Match map
Initial resources + every placement click. Lines = walls · curves = elevation contours. ◆ gold · ⬟ stone · ● berries · ✦ relic · ◌ wall gap
Inputs per minute
— BalvinatoR - - Sir Implosive Plopper
Build order — BalvinatoR
First 150 of 320 actions detected
| 0:05 | Queue | Villager (Male) |
| 0:05 | Queue | Villager (Male) |
| 0:05 | Queue | Villager (Male) |
| 0:06 | Build | House |
| 0:07 | Build | House |
| 0:11 | Queue | Villager (Male) |
| 0:11 | Queue | Villager (Male) |
| 0:26 | Research | Loom |
| 0:26 | Research | Loom |
| 0:38 | Queue | Villager (Male) |
| 0:39 | Queue | Villager (Male) |
| 1:11 | Build | Palisade Wall |
| 1:28 | Build | Palisade Wall |
| 1:31 | Build | Palisade Wall |
| 1:42 | Queue | Villager (Male) |
| 2:15 | Queue | Villager (Male) |
| 2:16 | Queue | Villager (Male) |
| 2:30 | Build | Lumber Camp |
| 2:44 | Build | Palisade Wall |
| 2:50 | Build | Palisade Wall |
| 3:04 | Queue | Villager (Male) |
| 3:24 | Build | Palisade Wall |
| 3:30 | Queue | Villager (Male) |
| 3:30 | Queue | Villager (Male) |
| 3:49 | Queue | Villager (Male) |
| 3:49 | Queue | Villager (Male) |
| 4:20 | Queue | Villager (Male) |
| 4:27 | Queue | Villager (Male) |
| 4:38 | Build | House |
| 5:06 | Queue | Villager (Male) |
| 5:06 | Queue | Villager (Male) |
| 5:31 | Queue | Villager (Male) |
| 5:40 | Queue | Villager (Male) |
| 5:40 | Queue | Villager (Male) |
| 5:55 | Queue | Villager (Male) |
| 6:20 | Build | Palisade Wall |
| 6:37 | Queue | Villager (Male) |
| 7:21 | Research | Feudal Age |
| 7:47 | Build | Outpost |
| 8:10 | Build | House |
| 8:26 | Build | Palisade Wall |
| 8:37 | Build | House |
| 9:02 | Queue | Villager (Male) |
| 9:31 | Age | Feudal Age |
| 9:34 | Build | Stone Wall |
| 9:37 | Build | Stone Wall |
| 9:38 | Build | Stone Wall |
| 9:39 | Queue | Villager (Male) |
| 10:14 | Queue | Villager (Male) |
| 10:14 | Queue | Villager (Male) |
| 10:33 | Research | Double-Bit Axe |
| 10:42 | Queue | Villager (Male) |
| 10:52 | Build | Mill |
| 11:11 | Build | Mining Camp |
| 11:14 | Build | Market |
| 11:33 | Queue | Villager (Male) |
| 11:51 | Queue | Villager (Male) |
| 12:14 | Build | Blacksmith |
| 12:23 | Queue | Villager (Male) |
| 12:45 | Queue | Villager (Male) |
| 12:56 | Build | Lumber Camp |
| 13:23 | Research | Castle Age |
| 14:08 | Build | Stable |
| 14:32 | Queue | Villager (Male) |
| 14:35 | Build | House |
| 14:55 | Queue | Scout Cavalry |
| 14:55 | Queue | Scout Cavalry |
| 15:00 | Queue | Villager (Male) |
| 15:10 | Research | Town Watch |
| 15:10 | Queue | Villager (Male) |
| 15:17 | Build | Farm |
| 15:18 | Build | Farm |
| 15:19 | Build | Farm |
| 15:23 | Build | House |
| 16:03 | Build | House |
| 16:03 | Age | Castle Age |
| 16:04 | Queue | Villager (Male) |
| 16:07 | Research | Light Cavalry (upgrade) |
| 16:44 | Build | Siege Workshop |
| 16:52 | Queue | Villager (Male) |
| 16:55 | Research | Bow Saw |
| 17:08 | Build | Palisade Wall |
| 17:09 | Build | Palisade Wall |
| 17:10 | Build | Palisade Wall |
| 17:17 | Queue | Knight |
| 17:18 | Queue | Villager (Male) |
| 17:58 | Queue | Knight |
| 18:01 | Queue | Villager (Male) |
| 18:05 | Queue | Mangonel |
| 18:08 | Build | Outpost |
| 18:30 | Build | Stone Wall |
| 18:34 | Queue | Villager (Male) |
| 18:40 | Build | Stone Wall |
| 18:41 | Build | Stone Wall |
| 18:42 | Build | Stone Wall |
| 18:43 | Build | Stone Wall |
| 19:04 | Queue | Villager (Male) |
| 19:16 | Build | Town Center |
| 19:20 | Build | Farm |
| 19:20 | Build | Farm |
| 19:21 | Build | Farm |
| 19:21 | Build | Farm |
| 19:21 | Build | Farm |
| 19:23 | Queue | Villager (Male) |
| 19:46 | Queue | Villager (Male) |
| 19:55 | Queue | Villager (Male) |
| 20:06 | Queue | Villager (Male) |
| 20:10 | Queue | Villager (Male) |
| 20:14 | Build | Town Center |
| 20:18 | Queue | Villager (Male) |
| 20:47 | Queue | Villager (Male) |
| 21:00 | Build | Stone Wall |
| 21:03 | Build | Siege Workshop |
| 21:06 | Build | Stone Wall |
| 21:12 | Build | Stone Wall |
| 21:22 | Queue | Villager (Male) |
| 21:27 | Queue | Villager (Male) |
| 21:32 | Queue | Mangonel |
| 21:38 | Queue | Villager (Male) |
| 21:41 | Queue | Villager (Male) |
| 21:44 | Build | Farm |
| 21:45 | Build | Farm |
| 21:49 | Build | Farm |
| 22:06 | Queue | Villager (Male) |
| 22:10 | Queue | Mangonel |
| 22:25 | Queue | Villager (Male) |
| 22:33 | Queue | Villager (Male) |
| 22:36 | Build | Farm |
| 22:36 | Build | Farm |
| 22:36 | Build | Farm |
| 22:36 | Build | Farm |
| 22:37 | Build | Farm |
| 22:37 | Build | Farm |
| 22:54 | Queue | Mangonel |
| 22:58 | Build | Stone Wall |
| 23:25 | Queue | Villager (Male) |
| 23:29 | Build | Stone Wall |
| 23:58 | Queue | Villager (Male) |
| 23:58 | Queue | Villager (Male) |
| 23:58 | Queue | Villager (Male) |
| 24:04 | Queue | Villager (Male) |
| 24:10 | Queue | Villager (Male) |
| 24:23 | Queue | Villager (Male) |
| 24:28 | Queue | Villager (Male) |
| 24:30 | Queue | Villager (Male) |
| 24:30 | Queue | Villager (Male) |
| 24:30 | Queue | Villager (Male) |
| 24:30 | Queue | Villager (Male) |
| 24:32 | Build | House |
| 24:38 | Build | Farm |
Build order — Sir Implosive Plopper
First 150 of 364 actions detected
| 0:01 | Queue | Villager (Male) |
| 0:02 | Queue | Villager (Male) |
| 0:02 | Queue | Villager (Male) |
| 0:03 | Build | House |
| 0:04 | Build | House |
| 0:11 | Queue | Villager (Male) |
| 1:38 | Queue | Villager (Male) |
| 2:02 | Queue | Villager (Male) |
| 2:08 | Build | Lumber Camp |
| 2:15 | Build | Palisade Wall |
| 2:19 | Build | Palisade Wall |
| 2:29 | Queue | Villager (Male) |
| 2:29 | Queue | Villager (Male) |
| 2:39 | Build | Palisade Wall |
| 3:18 | Queue | Villager (Male) |
| 3:43 | Queue | Villager (Male) |
| 3:57 | Build | House |
| 4:13 | Queue | Villager (Male) |
| 4:38 | Queue | Villager (Male) |
| 4:49 | Queue | Villager (Male) |
| 4:51 | Research | Double-Bit Axe |
| 4:55 | Build | House |
| 5:29 | Queue | Villager (Male) |
| 5:59 | Build | Dock |
| 6:06 | Queue | Villager (Male) |
| 6:06 | Queue | Villager (Male) |
| 6:27 | Research | Loom |
| 6:32 | Queue | Villager (Male) |
| 6:51 | Queue | Fishing Ship |
| 6:57 | Queue | Villager (Male) |
| 7:12 | Build | Lumber Camp |
| 7:25 | Queue | Villager (Male) |
| 7:27 | Queue | Fishing Ship |
| 8:00 | Queue | Fishing Ship |
| 8:07 | Build | House |
| 8:10 | Queue | Villager (Male) |
| 8:33 | Queue | Villager (Male) |
| 8:46 | Queue | Villager (Male) |
| 8:47 | Queue | Fishing Ship |
| 9:19 | Queue | Fishing Ship |
| 9:20 | Queue | Villager (Male) |
| 9:38 | Build | House |
| 9:49 | Build | Mining Camp |
| 9:53 | Queue | Villager (Male) |
| 9:56 | Queue | Villager (Male) |
| 10:13 | Queue | Villager (Male) |
| 10:27 | Queue | Villager (Male) |
| 10:51 | Research | Feudal Age |
| 10:57 | Queue | Fishing Ship |
| 11:26 | Build | Mill |
| 11:35 | Queue | Fishing Ship |
| 12:07 | Build | Mining Camp |
| 12:09 | Queue | Villager (Male) |
| 12:09 | Queue | Villager (Male) |
| 12:23 | Build | House |
| 13:02 | Age | Feudal Age |
| 13:04 | Build | Market |
| 13:06 | Build | Blacksmith |
| 13:09 | Research | Bow Saw |
| 13:22 | Build | Stone Wall |
| 13:45 | Queue | Villager (Male) |
| 14:06 | Research | Tech 906 |
| 14:11 | Research | Castle Age |
| 14:25 | Queue | Villager (Male) |
| 14:26 | Queue | Villager (Male) |
| 14:28 | Build | House |
| 14:57 | Queue | Villager (Male) |
| 15:25 | Build | Stone Wall |
| 15:28 | Build | Fish Trap |
| 15:47 | Queue | Villager (Male) |
| 16:05 | Build | Stone Wall |
| 16:18 | Build | House |
| 16:25 | Research | Gillnets |
| 16:29 | Build | Fish Trap |
| 16:31 | Build | Fish Trap |
| 16:33 | Build | Fish Trap |
| 16:35 | Build | Fish Trap |
| 16:37 | Build | Fish Trap |
| 16:41 | Build | Fish Trap |
| 16:57 | Age | Castle Age |
| 17:00 | Queue | Villager (Male) |
| 17:03 | Build | Town Center |
| 17:05 | Build | Town Center |
| 17:17 | Build | Stone Wall |
| 17:25 | Build | Building 665 |
| 17:26 | Build | Stone Wall |
| 17:28 | Queue | Villager (Male) |
| 17:30 | Queue | Villager (Male) |
| 17:45 | Build | Town Center |
| 17:46 | Queue | Villager (Male) |
| 17:48 | Queue | Villager (Male) |
| 17:50 | Queue | Fishing Ship |
| 17:56 | Build | Dock |
| 18:00 | Queue | Villager (Male) |
| 18:00 | Queue | Villager (Male) |
| 18:15 | Queue | Villager (Male) |
| 18:16 | Queue | Villager (Male) |
| 18:23 | Build | Dock |
| 18:27 | Queue | Villager (Male) |
| 18:27 | Queue | Villager (Male) |
| 18:27 | Queue | Villager (Male) |
| 18:28 | Queue | Villager (Male) |
| 18:34 | Build | Fish Trap |
| 18:49 | Queue | Villager (Male) |
| 18:49 | Queue | Villager (Male) |
| 19:02 | Queue | Fishing Ship |
| 19:02 | Queue | Fishing Ship |
| 19:13 | Build | Stone Wall |
| 19:13 | Queue | Villager (Male) |
| 19:14 | Queue | Villager (Male) |
| 19:25 | Queue | Villager (Male) |
| 19:25 | Queue | Villager (Male) |
| 19:30 | Queue | Fishing Ship |
| 19:31 | Queue | Fishing Ship |
| 19:32 | Queue | Fishing Ship |
| 19:37 | Build | House |
| 19:38 | Build | House |
| 19:39 | Build | House |
| 19:39 | Build | House |
| 19:41 | Build | House |
| 19:42 | Build | House |
| 19:43 | Queue | Villager (Male) |
| 19:43 | Queue | Villager (Male) |
| 19:45 | Queue | Villager (Male) |
| 19:45 | Queue | Villager (Male) |
| 19:47 | Queue | Fishing Ship |
| 19:52 | Build | Fish Trap |
| 19:56 | Queue | Villager (Male) |
| 19:57 | Queue | Villager (Male) |
| 20:02 | Queue | Villager (Male) |
| 20:02 | Queue | Villager (Male) |
| 20:04 | Build | Fish Trap |
| 20:11 | Queue | Villager (Male) |
| 20:19 | Queue | Villager (Male) |
| 20:21 | Queue | Fishing Ship ×2 |
| 20:33 | Queue | Villager (Male) |
| 20:39 | Build | Stone Wall |
| 20:41 | Build | Fish Trap |
| 20:42 | Build | House |
| 20:43 | Build | House |
| 20:44 | Queue | Villager (Male) |
| 20:44 | Queue | Villager (Male) |
| 20:47 | Build | Fish Trap |
| 20:50 | Queue | Villager (Male) |
| 20:50 | Queue | Villager (Male) |
| 20:54 | Queue | Fishing Ship |
| 21:03 | Queue | Villager (Male) |
| 21:03 | Queue | Villager (Male) |
| 21:04 | Queue | Villager (Male) |
| 21:05 | Queue | Fishing Ship ×2 |
Build order — InGodWeTrust
First 150 of 292 actions detected
| 0:01 | Queue | Villager (Male) |
| 0:01 | Queue | Villager (Male) |
| 0:02 | Build | House |
| 0:03 | Build | House |
| 0:04 | Queue | Villager (Male) |
| 0:04 | Queue | Villager (Male) |
| 1:28 | Queue | Villager (Male) |
| 1:48 | Queue | Villager (Male) |
| 2:23 | Queue | Villager (Male) |
| 2:54 | Queue | Villager (Male) |
| 2:55 | Queue | Villager (Male) |
| 3:11 | Queue | Villager (Male) |
| 3:27 | Build | Lumber Camp |
| 3:50 | Build | House |
| 3:57 | Queue | Villager (Male) |
| 3:57 | Queue | Villager (Male) |
| 4:26 | Queue | Villager (Male) |
| 4:42 | Queue | Villager (Male) |
| 4:57 | Queue | Villager (Male) |
| 4:58 | Queue | Villager (Male) |
| 4:58 | Queue | Villager (Male) |
| 5:46 | Build | House |
| 6:20 | Build | Mill |
| 6:42 | Queue | Villager (Male) |
| 6:42 | Queue | Villager (Male) |
| 7:12 | Build | Mining Camp |
| 7:31 | Research | Feudal Age |
| 9:22 | Queue | Villager (Male) |
| 9:42 | Age | Feudal Age |
| 9:49 | Queue | Villager (Male) |
| 9:53 | Build | Town Center |
| 9:57 | Queue | Villager (Male) |
| 10:31 | Build | House |
| 10:33 | Queue | Villager (Male) |
| 10:59 | Queue | Villager (Male) |
| 11:04 | Build | Farm |
| 11:23 | Queue | Villager (Male) |
| 11:51 | Queue | Villager (Male) |
| 11:51 | Queue | Villager (Male) |
| 11:56 | Queue | Villager (Male) |
| 11:56 | Queue | Villager (Male) |
| 12:03 | Build | Market |
| 12:29 | Queue | Villager (Male) |
| 12:43 | Build | Blacksmith |
| 12:47 | Queue | Villager (Male) |
| 12:47 | Queue | Villager (Male) |
| 13:02 | Build | House |
| 13:22 | Build | Farm |
| 13:23 | Build | Farm |
| 13:38 | Research | Castle Age |
| 14:06 | Research | Double-Bit Axe |
| 14:32 | Build | Lumber Camp |
| 14:36 | Queue | Villager (Male) |
| 14:51 | Research | Horse Collar |
| 14:59 | Build | Farm |
| 15:03 | Build | Farm |
| 15:05 | Build | Farm |
| 15:13 | Build | Farm |
| 15:15 | Queue | Villager (Male) |
| 15:16 | Queue | Villager (Male) |
| 15:19 | Build | Farm |
| 15:27 | Build | Farm |
| 15:46 | Queue | Villager (Male) |
| 15:47 | Queue | Villager (Male) |
| 15:51 | Build | Farm |
| 15:55 | Build | Farm |
| 16:05 | Queue | Villager (Male) |
| 16:18 | Age | Castle Age |
| 16:22 | Build | Siege Workshop |
| 16:24 | Queue | Villager (Male) |
| 16:24 | Queue | Villager (Male) |
| 16:27 | Build | House |
| 16:33 | Build | Palisade Wall |
| 16:35 | Build | Palisade Wall |
| 16:37 | Build | Palisade Wall |
| 17:01 | Build | Barracks |
| 17:03 | Research | Loom |
| 17:04 | Queue | Villager (Male) |
| 17:04 | Queue | Villager (Male) |
| 17:04 | Queue | Villager (Male) |
| 17:22 | Build | House |
| 17:24 | Build | House |
| 17:33 | Build | House |
| 17:42 | Build | Stable |
| 17:49 | Queue | Mangonel |
| 18:13 | Queue | Villager (Male) |
| 18:14 | Queue | Villager (Male) |
| 18:14 | Queue | Villager (Male) |
| 18:23 | Build | Town Center |
| 18:36 | Build | Lumber Camp |
| 19:06 | Queue | Camel Scout |
| 19:15 | Build | Farm |
| 19:17 | Build | Farm |
| 19:18 | Build | Farm |
| 19:21 | Build | House |
| 19:28 | Build | Lumber Camp |
| 19:31 | Queue | Battering Ram |
| 19:43 | Queue | Villager (Male) |
| 19:43 | Queue | Villager (Male) |
| 19:50 | Build | Farm |
| 19:50 | Build | Farm |
| 19:51 | Build | Farm |
| 19:52 | Build | Farm |
| 19:53 | Build | Farm |
| 20:01 | Build | House |
| 20:10 | Queue | Mangonel |
| 20:15 | Queue | Villager (Male) |
| 20:16 | Queue | Villager (Male) |
| 20:18 | Build | Farm |
| 20:35 | Build | Farm |
| 20:36 | Queue | Villager (Male) |
| 20:40 | Queue | Villager (Male) |
| 20:41 | Queue | Villager (Male) |
| 21:00 | Queue | Villager (Male) |
| 21:20 | Queue | Mangonel |
| 21:22 | Queue | Villager (Male) |
| 21:23 | Queue | Villager (Male) |
| 21:23 | Queue | Villager (Male) |
| 21:30 | Build | Farm |
| 21:31 | Build | Farm |
| 21:32 | Build | Farm |
| 21:33 | Build | Farm |
| 21:33 | Build | Farm |
| 21:58 | Queue | Villager (Male) |
| 21:59 | Queue | Villager (Male) |
| 21:59 | Queue | Villager (Male) |
| 22:13 | Queue | Villager (Male) |
| 22:22 | Build | Mill |
| 22:47 | Research | Wheelbarrow |
| 22:54 | Build | Town Center |
| 23:13 | Queue | Mangonel |
| 23:50 | Queue | Mangonel |
| 24:18 | Research | Capped Ram (upgrade) |
| 24:26 | Queue | Villager (Male) |
| 24:27 | Queue | Villager (Male) |
| 24:27 | Queue | Villager (Male) |
| 24:27 | Queue | Villager (Male) |
| 24:31 | Build | Farm |
| 24:32 | Build | Farm |
| 24:33 | Build | Farm |
| 24:34 | Build | Farm |
| 24:35 | Build | Farm |
| 24:36 | Build | Farm |
| 24:39 | Research | Heavy Plow |
| 24:52 | Build | Farm |
| 24:53 | Build | Farm |
| 24:54 | Build | Farm |
| 24:56 | Build | Farm |
| 24:57 | Build | Farm |
| 24:58 | Build | Farm |
Build order — NakedNipples
First 150 of 290 actions detected
| 0:01 | Queue | Villager (Male) |
| 0:01 | Queue | Villager (Male) |
| 0:03 | Build | House |
| 0:04 | Build | House |
| 0:08 | Queue | Villager (Male) |
| 0:08 | Queue | Villager (Male) |
| 1:12 | Queue | Villager (Male) |
| 1:38 | Queue | Villager (Male) |
| 1:48 | Build | Settlement |
| 1:58 | Build | Settlement |
| 1:59 | Queue | Villager (Male) |
| 2:23 | Queue | Villager (Male) |
| 2:42 | Queue | Villager (Male) |
| 3:14 | Queue | Villager (Male) |
| 3:42 | Queue | Villager (Male) |
| 4:09 | Queue | Villager (Male) |
| 4:14 | Build | Dock |
| 4:41 | Queue | Villager (Male) |
| 4:58 | Queue | Villager (Male) |
| 5:09 | Queue | Fishing Ship |
| 5:12 | Build | House |
| 5:30 | Queue | Villager (Male) |
| 5:52 | Queue | Fishing Ship |
| 6:03 | Build | House |
| 6:11 | Queue | Villager (Male) |
| 6:11 | Queue | Villager (Male) |
| 6:36 | Queue | Fishing Ship |
| 6:39 | Queue | Villager (Male) |
| 7:04 | Queue | Villager (Male) |
| 7:08 | Queue | Villager (Male) |
| 7:12 | Queue | Fishing Ship |
| 7:26 | Queue | Villager (Male) |
| 7:36 | Build | House |
| 7:58 | Queue | Fishing Ship |
| 8:00 | Build | House |
| 8:09 | Queue | Villager (Male) |
| 8:21 | Queue | Villager (Male) |
| 8:37 | Build | Settlement |
| 9:12 | Build | House |
| 9:34 | Research | Feudal Age |
| 9:34 | Research | Feudal Age |
| 10:18 | Queue | Fishing Ship |
| 10:33 | Queue | Fishing Ship |
| 11:33 | Queue | Villager (Male) |
| 11:33 | Queue | Villager (Male) |
| 11:34 | Queue | Fishing Ship |
| 11:46 | Age | Feudal Age |
| 11:47 | Build | Market |
| 11:49 | Build | Blacksmith |
| 11:52 | Research | Tech 906 |
| 11:53 | Research | Tech 906 |
| 12:16 | Build | Fish Trap |
| 12:36 | Research | Castle Age |
| 12:36 | Research | Castle Age |
| 12:41 | Build | Fish Trap |
| 13:02 | Queue | Fishing Ship |
| 13:06 | Build | Fish Trap |
| 13:27 | Build | House |
| 13:34 | Queue | Fishing Ship |
| 14:02 | Queue | Fishing Ship |
| 14:45 | Build | Fish Trap |
| 15:13 | Build | Fish Trap |
| 15:16 | Age | Castle Age |
| 15:20 | Queue | Villager (Male) |
| 15:20 | Queue | Villager (Male) |
| 15:22 | Build | Town Center |
| 15:25 | Build | Town Center |
| 15:27 | Research | Double-Bit Axe |
| 15:36 | Research | Gillnets |
| 15:36 | Research | Gillnets |
| 15:53 | Queue | Villager (Male) |
| 16:09 | Build | Fish Trap |
| 16:13 | Queue | Villager (Male) |
| 16:20 | Queue | Fishing Ship |
| 16:26 | Build | Dock |
| 16:36 | Queue | Villager (Male) |
| 16:38 | Build | House |
| 16:39 | Build | House |
| 16:47 | Queue | Fishing Ship |
| 16:55 | Queue | Villager (Male) |
| 16:55 | Queue | Villager (Male) |
| 16:58 | Queue | Villager (Male) |
| 16:59 | Queue | Villager (Male) |
| 17:00 | Queue | Villager (Male) |
| 17:04 | Queue | Fishing Ship |
| 17:08 | Build | Dock |
| 17:15 | Build | Fish Trap |
| 17:17 | Queue | Villager (Male) |
| 17:18 | Queue | Villager (Male) |
| 17:18 | Queue | Villager (Male) |
| 17:34 | Build | Fish Trap |
| 17:35 | Queue | Villager (Male) ×2 |
| 17:42 | Queue | Fishing Ship |
| 17:46 | Queue | Fishing Ship |
| 17:49 | Queue | Villager (Male) |
| 17:57 | Queue | Villager (Male) |
| 18:00 | Build | Dock |
| 18:01 | Queue | Fishing Ship |
| 18:11 | Queue | Villager (Male) ×2 |
| 18:13 | Build | House |
| 18:14 | Build | House |
| 18:15 | Build | House |
| 18:16 | Build | House |
| 18:27 | Queue | Fishing Ship |
| 18:28 | Queue | Fishing Ship |
| 18:28 | Queue | Fishing Ship |
| 18:32 | Build | Fish Trap |
| 18:37 | Build | Fish Trap |
| 18:39 | Queue | Villager (Male) ×2 |
| 18:48 | Queue | Villager (Male) |
| 18:49 | Queue | Fishing Ship |
| 18:52 | Build | Fish Trap |
| 19:01 | Queue | Villager (Male) |
| 19:05 | Build | Monastery |
| 19:13 | Queue | Villager (Male) |
| 19:22 | Queue | Fishing Ship ×3 |
| 19:26 | Build | Fish Trap |
| 19:32 | Build | Fish Trap |
| 19:41 | Build | Fish Trap |
| 19:42 | Queue | Villager (Male) |
| 19:42 | Queue | Villager (Male) |
| 19:45 | Queue | Villager (Male) |
| 19:49 | Queue | Villager (Male) |
| 19:55 | Queue | Monk |
| 19:57 | Build | House |
| 19:57 | Build | House |
| 19:58 | Build | House |
| 19:59 | Queue | Villager (Male) |
| 20:05 | Build | Fish Trap |
| 20:08 | Build | Fish Trap |
| 20:11 | Build | Fish Trap |
| 20:18 | Build | Fish Trap |
| 20:19 | Queue | Villager (Male) ×4 |
| 20:24 | Build | Fish Trap |
| 20:28 | Queue | Villager (Male) |
| 20:32 | Queue | Villager (Male) ×3 |
| 20:47 | Queue | Monk |
| 20:50 | Build | Fish Trap |
| 20:52 | Build | Fish Trap |
| 20:55 | Build | Fish Trap |
| 20:57 | Build | Fish Trap |
| 20:58 | Build | Fish Trap |
| 21:00 | Queue | Fishing Ship ×2 |
| 21:15 | Build | House |
| 21:15 | Build | House |
| 21:15 | Build | House |
| 21:25 | Queue | Fishing Ship |
| 21:25 | Queue | Fishing Ship |
| 21:45 | Build | House |
| 21:45 | Build | House |
Build order — Sage_of_Empires
First 150 of 385 actions detected
| 0:03 | Queue | Villager (Male) |
| 0:03 | Queue | Villager (Male) |
| 0:03 | Queue | Villager (Male) |
| 0:03 | Queue | Villager (Male) |
| 0:04 | Queue | Villager (Male) |
| 0:05 | Build | House |
| 0:06 | Build | House |
| 1:28 | Queue | Villager (Male) |
| 1:28 | Queue | Villager (Male) |
| 1:51 | Build | Lumber Camp |
| 1:52 | Queue | Villager (Male) |
| 1:52 | Queue | Villager (Male) |
| 1:52 | Queue | Villager (Male) |
| 2:05 | Queue | Villager (Male) |
| 2:05 | Queue | Villager (Male) |
| 2:33 | Queue | Villager (Male) |
| 2:33 | Queue | Villager (Male) |
| 2:56 | Queue | Villager (Male) |
| 2:56 | Queue | Villager (Male) |
| 2:56 | Queue | Villager (Male) |
| 3:23 | Queue | Villager (Male) |
| 3:23 | Queue | Villager (Male) |
| 3:42 | Queue | Villager (Male) |
| 4:09 | Build | House |
| 4:15 | Queue | Villager (Male) |
| 4:15 | Queue | Villager (Male) |
| 4:46 | Queue | Villager (Male) |
| 4:47 | Queue | Villager (Male) |
| 5:34 | Queue | Villager (Male) |
| 5:34 | Queue | Villager (Male) |
| 5:34 | Queue | Villager (Male) |
| 5:50 | Queue | Villager (Male) |
| 5:51 | Queue | Villager (Male) |
| 6:03 | Build | House |
| 7:03 | Queue | Villager (Male) |
| 7:30 | Build | Mill |
| 7:31 | Queue | Villager (Male) |
| 7:37 | Build | House |
| 8:02 | Research | Loom |
| 8:21 | Research | Feudal Age |
| 8:35 | Build | Mining Camp |
| 9:54 | Build | Barracks |
| 10:37 | Age | Feudal Age |
| 10:39 | Queue | Villager (Male) |
| 10:40 | Queue | Villager (Male) |
| 10:40 | Queue | Villager (Male) |
| 10:53 | Build | Blacksmith |
| 10:58 | Build | Stable |
| 11:36 | Research | Double-Bit Axe |
| 12:15 | Research | Castle Age |
| 13:43 | Build | Stable |
| 14:08 | Research | Horse Collar |
| 14:28 | Build | House |
| 14:34 | Research | Scale Barding Armor |
| 14:55 | Age | Castle Age |
| 14:57 | Queue | Knight |
| 14:57 | Queue | Knight |
| 14:58 | Queue | Villager (Male) |
| 15:01 | Research | Bow Saw |
| 15:05 | Build | Town Center |
| 15:08 | Build | Town Center |
| 15:23 | Queue | Knight |
| 15:23 | Queue | Knight |
| 15:27 | Queue | Villager (Male) |
| 15:30 | Build | Farm |
| 15:47 | Queue | Villager (Male) |
| 15:54 | Build | Farm |
| 16:03 | Build | House |
| 16:24 | Queue | Villager (Male) |
| 16:24 | Queue | Villager (Male) |
| 16:29 | Build | Farm |
| 16:31 | Queue | Knight |
| 16:39 | Build | House |
| 16:43 | Queue | Villager (Male) |
| 16:43 | Queue | Villager (Male) |
| 16:43 | Queue | Villager (Male) |
| 16:52 | Queue | Villager (Male) |
| 16:52 | Queue | Villager (Male) |
| 17:11 | Build | Farm |
| 17:12 | Queue | Villager (Male) |
| 17:12 | Queue | Villager (Male) |
| 17:41 | Queue | Villager (Male) |
| 17:41 | Queue | Villager (Male) |
| 17:42 | Queue | Villager (Male) |
| 17:45 | Build | Farm |
| 17:46 | Build | Farm |
| 17:47 | Build | Farm |
| 17:56 | Queue | Villager (Male) |
| 18:25 | Queue | Villager (Male) |
| 18:25 | Queue | Villager (Male) |
| 18:26 | Queue | Villager (Male) |
| 18:26 | Queue | Villager (Male) |
| 18:30 | Build | Farm |
| 18:32 | Build | Farm |
| 18:33 | Build | Farm |
| 18:34 | Queue | Villager (Male) |
| 18:34 | Queue | Villager (Male) |
| 18:34 | Queue | Villager (Male) |
| 18:36 | Build | Farm |
| 18:42 | Build | House |
| 18:43 | Build | House |
| 19:13 | Queue | Knight |
| 19:13 | Queue | Knight |
| 19:13 | Queue | Knight |
| 19:33 | Queue | Villager (Male) |
| 19:35 | Build | Farm |
| 19:36 | Build | Farm |
| 19:37 | Build | Farm |
| 19:40 | Build | Farm |
| 19:40 | Queue | Villager (Male) |
| 19:40 | Queue | Villager (Male) |
| 19:40 | Queue | Villager (Male) |
| 19:45 | Queue | Knight |
| 19:45 | Queue | Knight |
| 19:46 | Queue | Knight |
| 20:18 | Queue | Villager (Male) |
| 20:20 | Build | Farm |
| 20:20 | Queue | Villager (Male) |
| 20:21 | Queue | Villager (Male) |
| 20:21 | Queue | Villager (Male) |
| 20:23 | Build | Farm |
| 20:24 | Build | Farm |
| 20:30 | Build | House |
| 20:32 | Build | House |
| 20:32 | Build | House |
| 20:33 | Queue | Villager (Male) |
| 20:33 | Queue | Villager (Male) |
| 20:33 | Queue | Villager (Male) |
| 20:42 | Build | Farm |
| 20:43 | Queue | Villager (Male) |
| 20:43 | Queue | Villager (Male) |
| 20:44 | Queue | Villager (Male) |
| 20:44 | Queue | Villager (Male) |
| 21:12 | Queue | Knight |
| 21:12 | Queue | Knight |
| 21:12 | Queue | Knight |
| 21:19 | Build | Farm |
| 21:21 | Build | Farm |
| 21:22 | Queue | Villager (Male) |
| 21:35 | Build | Farm |
| 21:37 | Build | Farm |
| 21:38 | Queue | Villager (Male) |
| 21:38 | Queue | Villager (Male) |
| 21:38 | Queue | Villager (Male) |
| 21:41 | Build | Farm |
| 21:52 | Queue | Knight |
| 21:52 | Queue | Knight |
| 21:52 | Queue | Knight |
| 21:57 | Build | Farm |
| 21:59 | Build | Lumber Camp |
Build order — Voxer El Brazilian
First 150 of 374 actions detected
| 0:02 | Queue | Villager (Male) |
| 0:02 | Queue | Villager (Male) |
| 0:03 | Build | House |
| 0:04 | Build | House |
| 0:09 | Queue | Villager (Male) |
| 0:09 | Queue | Villager (Male) |
| 0:10 | Queue | Villager (Male) |
| 1:30 | Queue | Villager (Male) |
| 1:30 | Queue | Villager (Male) |
| 1:54 | Queue | Villager (Male) |
| 1:55 | Queue | Villager (Male) |
| 2:28 | Queue | Villager (Male) |
| 2:29 | Queue | Villager (Male) |
| 2:41 | Queue | Villager (Male) |
| 3:21 | Build | Palisade Wall |
| 3:27 | Build | Palisade Wall |
| 3:29 | Build | Palisade Wall |
| 3:37 | Queue | Villager (Male) |
| 3:37 | Queue | Villager (Male) |
| 3:47 | Build | Palisade Wall |
| 3:55 | Queue | Villager (Male) |
| 3:55 | Queue | Villager (Male) |
| 4:28 | Queue | Villager (Male) |
| 4:29 | Queue | Villager (Male) |
| 4:30 | Build | House |
| 4:40 | Queue | Villager (Male) |
| 4:56 | Build | Mill |
| 5:16 | Queue | Villager (Male) |
| 5:34 | Queue | Villager (Male) |
| 6:08 | Build | House |
| 6:16 | Queue | Villager (Male) |
| 6:48 | Queue | Villager (Male) |
| 7:15 | Build | Mule Cart |
| 7:27 | Queue | Villager (Male) |
| 7:52 | Queue | Villager (Male) |
| 8:04 | Queue | Villager (Male) |
| 8:36 | Queue | Villager (Male) |
| 8:57 | Research | Feudal Age |
| 10:33 | Build | House |
| 10:53 | Queue | Villager (Male) |
| 11:19 | Age | Feudal Age |
| 11:22 | Build | Market |
| 11:23 | Queue | Villager (Male) |
| 11:32 | Build | Blacksmith |
| 11:59 | Research | Double-Bit Axe |
| 12:00 | Research | Double-Bit Axe |
| 12:02 | Queue | Villager (Male) |
| 12:22 | Research | Castle Age |
| 13:51 | Queue | Villager (Male) |
| 14:28 | Build | Building 673 |
| 14:39 | Build | Building 673 |
| 14:41 | Build | Stone Wall |
| 14:55 | Build | Stone Wall |
| 15:02 | Queue | Villager (Male) |
| 15:14 | Age | Castle Age |
| 15:14 | Build | Farm |
| 15:17 | Build | Town Center |
| 15:40 | Build | Town Center |
| 15:42 | Queue | Villager (Male) |
| 15:43 | Build | Farm |
| 15:44 | Research | Bow Saw |
| 15:45 | Research | Bow Saw |
| 16:03 | Build | Stone Wall |
| 16:04 | Queue | Villager (Male) |
| 16:09 | Build | House |
| 16:13 | Build | Farm |
| 16:13 | Queue | Villager (Male) |
| 16:25 | Queue | Villager (Male) |
| 16:33 | Build | Farm |
| 16:34 | Queue | Villager (Male) |
| 16:35 | Queue | Villager (Male) |
| 16:35 | Queue | Villager (Male) |
| 16:38 | Build | Farm |
| 16:47 | Queue | Villager (Male) |
| 16:50 | Build | House |
| 16:56 | Queue | Villager (Male) |
| 16:56 | Queue | Villager (Male) |
| 17:08 | Build | Farm |
| 17:08 | Queue | Villager (Male) |
| 17:08 | Queue | Villager (Male) |
| 17:16 | Build | Town Center |
| 17:22 | Queue | Villager (Male) |
| 17:22 | Queue | Villager (Male) |
| 17:27 | Build | Farm |
| 17:31 | Build | House |
| 17:31 | Build | House |
| 17:43 | Build | Farm |
| 17:46 | Queue | Villager (Male) |
| 17:46 | Queue | Villager (Male) |
| 17:49 | Build | Farm |
| 17:53 | Queue | Villager (Male) |
| 17:53 | Queue | Villager (Male) |
| 18:03 | Build | Farm |
| 18:07 | Queue | Villager (Male) |
| 18:07 | Queue | Villager (Male) |
| 18:11 | Build | House |
| 18:13 | Build | House |
| 18:17 | Build | Farm |
| 18:27 | Build | Farm |
| 18:38 | Queue | Villager (Male) |
| 18:38 | Queue | Villager (Male) |
| 18:41 | Build | Farm |
| 18:49 | Build | Farm |
| 18:52 | Build | Farm |
| 18:53 | Queue | Villager (Male) |
| 18:53 | Queue | Villager (Male) |
| 19:00 | Queue | Villager (Male) |
| 19:01 | Queue | Villager (Male) |
| 19:03 | Build | Farm |
| 19:05 | Build | Farm |
| 19:12 | Build | Farm |
| 19:15 | Build | Farm |
| 19:16 | Queue | Villager (Male) |
| 19:16 | Queue | Villager (Male) |
| 19:16 | Queue | Villager (Male) |
| 19:30 | Build | House |
| 19:33 | Build | House |
| 19:34 | Build | House |
| 19:35 | Queue | Villager (Male) |
| 19:35 | Queue | Villager (Male) |
| 19:36 | Queue | Villager (Male) |
| 19:37 | Build | Farm |
| 19:39 | Queue | Villager (Male) |
| 19:39 | Queue | Villager (Male) |
| 19:39 | Queue | Villager (Male) |
| 19:42 | Build | Farm |
| 19:45 | Build | Farm |
| 19:48 | Build | Farm |
| 19:48 | Queue | Villager (Male) |
| 19:49 | Queue | Villager (Male) |
| 19:56 | Queue | Villager (Male) |
| 19:57 | Queue | Villager (Male) |
| 20:01 | Queue | Villager (Male) |
| 20:01 | Queue | Villager (Male) |
| 20:08 | Queue | Villager (Male) |
| 20:08 | Queue | Villager (Male) |
| 20:11 | Build | Monastery |
| 20:13 | Queue | Villager (Male) |
| 20:13 | Queue | Villager (Male) |
| 20:30 | Queue | Villager (Male) |
| 20:30 | Queue | Villager (Male) |
| 20:36 | Build | Monastery |
| 20:38 | Queue | Villager (Male) |
| 20:38 | Queue | Villager (Male) |
| 20:48 | Build | Farm |
| 20:49 | Queue | Villager (Male) |
| 20:49 | Queue | Villager (Male) |
| 21:01 | Queue | Villager (Male) |
| 21:01 | Queue | Villager (Male) |
| 21:03 | Build | Farm |
Build order — chaos_2_win
First 150 of 332 actions detected
| 0:01 | Queue | Villager (Male) ×4 |
| 0:02 | Build | House |
| 0:04 | Build | House |
| 1:27 | Queue | Villager (Male) |
| 1:51 | Queue | Villager (Male) |
| 1:51 | Queue | Villager (Male) |
| 1:53 | Build | Lumber Camp |
| 2:15 | Queue | Villager (Male) |
| 2:39 | Queue | Villager (Male) |
| 2:53 | Queue | Villager (Male) |
| 2:53 | Queue | Villager (Male) |
| 3:18 | Queue | Villager (Male) |
| 3:18 | Queue | Villager (Male) |
| 3:25 | Build | House |
| 3:29 | Build | House |
| 3:33 | Queue | Villager (Male) |
| 3:33 | Queue | Villager (Male) |
| 3:51 | Build | House |
| 3:56 | Build | House |
| 4:00 | Queue | Villager (Male) |
| 4:00 | Queue | Villager (Male) |
| 4:13 | Queue | Villager (Male) |
| 4:25 | Build | Mill |
| 4:37 | Queue | Villager (Male) |
| 5:18 | Build | Palisade Wall |
| 5:19 | Queue | Villager (Male) |
| 5:40 | Build | House |
| 5:44 | Queue | Villager (Male) |
| 5:55 | Queue | Villager (Male) |
| 5:56 | Queue | Villager (Male) |
| 6:13 | Queue | Villager (Male) |
| 6:58 | Queue | Villager (Male) |
| 7:01 | Build | Farm |
| 7:03 | Build | Farm |
| 7:04 | Queue | Villager (Male) |
| 7:16 | Build | Lumber Camp |
| 7:27 | Queue | Villager (Male) |
| 7:45 | Queue | Villager (Male) |
| 8:05 | Queue | Villager (Male) |
| 8:29 | Research | Feudal Age |
| 9:12 | Build | Mining Camp |
| 9:23 | Queue | Villager (Male) |
| 11:11 | Queue | Villager (Male) |
| 11:21 | Age | Feudal Age |
| 11:23 | Build | Market |
| 11:25 | Build | Blacksmith |
| 12:04 | Build | House |
| 12:13 | Research | Castle Age |
| 12:13 | Research | Castle Age |
| 12:42 | Build | House |
| 12:52 | Research | Horse Collar |
| 12:53 | Research | Horse Collar |
| 13:32 | Queue | Villager (Male) |
| 13:33 | Queue | Villager (Male) |
| 14:01 | Build | Farm |
| 14:10 | Build | Farm |
| 14:23 | Build | Farm |
| 14:47 | Build | House |
| 14:53 | Age | Castle Age |
| 14:54 | Build | Town Center |
| 15:04 | Build | Town Center |
| 15:09 | Build | Monastery |
| 15:15 | Build | Monastery |
| 15:25 | Queue | Villager (Male) |
| 15:29 | Build | House |
| 15:48 | Queue | Villager (Male) |
| 15:58 | Queue | Monk |
| 16:04 | Build | Farm |
| 16:09 | Queue | Villager (Male) |
| 16:10 | Queue | Villager (Male) |
| 16:11 | Queue | Villager (Male) |
| 16:17 | Queue | Monk |
| 16:28 | Build | Farm |
| 16:34 | Queue | Villager (Male) |
| 16:38 | Build | Farm |
| 16:45 | Build | Farm |
| 16:47 | Build | Farm |
| 16:58 | Queue | Villager (Male) |
| 16:58 | Queue | Villager (Male) |
| 17:02 | Build | Farm |
| 17:13 | Queue | Villager (Male) |
| 17:14 | Queue | Villager (Male) |
| 17:14 | Queue | Villager (Male) |
| 17:16 | Queue | Villager (Male) |
| 17:29 | Research | Sanctity |
| 17:39 | Queue | Villager (Male) |
| 17:40 | Queue | Villager (Male) |
| 17:45 | Build | Farm |
| 17:46 | Build | Farm |
| 17:55 | Build | Farm |
| 17:56 | Build | Farm |
| 17:59 | Queue | Villager (Male) |
| 17:59 | Queue | Villager (Male) |
| 17:59 | Queue | Villager (Male) |
| 18:15 | Research | Redemption |
| 18:15 | Research | Redemption |
| 18:21 | Queue | Villager (Male) |
| 18:21 | Queue | Villager (Male) |
| 18:37 | Research | Fervor |
| 18:37 | Research | Fervor |
| 18:40 | Queue | Villager (Male) |
| 18:40 | Queue | Villager (Male) |
| 18:47 | Build | Siege Workshop |
| 18:49 | Queue | Villager (Male) |
| 18:52 | Build | Farm |
| 18:52 | Build | Farm |
| 18:52 | Build | Farm |
| 18:53 | Build | Farm |
| 18:53 | Build | Farm |
| 18:53 | Build | Farm |
| 18:53 | Build | Farm |
| 19:05 | Queue | Villager (Male) |
| 19:05 | Queue | Villager (Male) |
| 19:07 | Build | Farm |
| 19:11 | Build | Farm |
| 19:13 | Build | Farm |
| 19:17 | Build | Mining Camp |
| 19:18 | Queue | Villager (Male) |
| 19:29 | Build | House |
| 19:31 | Build | House |
| 19:33 | Build | House |
| 19:35 | Queue | Villager (Male) |
| 19:36 | Queue | Villager (Male) |
| 19:36 | Queue | Villager (Male) |
| 19:39 | Queue | Monk |
| 19:40 | Queue | Monk |
| 19:52 | Build | House |
| 19:53 | Build | House |
| 19:55 | Queue | Villager (Male) |
| 19:56 | Queue | Villager (Male) |
| 19:57 | Queue | Villager (Male) |
| 20:00 | Queue | Battering Ram |
| 20:00 | Queue | Battering Ram |
| 20:16 | Research | Wheelbarrow |
| 20:16 | Research | Wheelbarrow |
| 20:19 | Build | Farm |
| 20:21 | Build | Farm |
| 20:25 | Queue | Villager (Male) |
| 20:39 | Queue | Villager (Male) |
| 20:39 | Queue | Villager (Male) |
| 20:40 | Queue | Villager (Male) |
| 20:40 | Queue | Villager (Male) |
| 20:42 | Queue | Battering Ram |
| 20:47 | Queue | Monk |
| 20:58 | Build | Farm |
| 21:00 | Queue | Villager (Male) |
| 21:00 | Queue | Villager (Male) |
| 21:03 | Build | House |
| 21:06 | Build | Farm |
| 21:09 | Build | House |
Build order — JoHan
First 150 of 476 actions detected
| 0:00 | Queue | Villager (Male) |
| 0:01 | Queue | Villager (Male) |
| 0:02 | Build | House |
| 0:03 | Build | House |
| 0:19 | Research | Loom |
| 0:27 | Queue | Villager (Male) |
| 0:27 | Queue | Villager (Male) |
| 0:28 | Queue | Villager (Male) |
| 0:38 | Build | Palisade Wall |
| 1:44 | Build | Lumber Camp |
| 1:47 | Queue | Villager (Male) |
| 2:00 | Build | Palisade Wall |
| 2:28 | Queue | Villager (Male) |
| 2:52 | Queue | Villager (Male) |
| 3:12 | Queue | Villager (Male) |
| 3:39 | Queue | Villager (Male) |
| 3:55 | Queue | Villager (Male) |
| 4:17 | Build | House |
| 4:21 | Queue | Villager (Male) |
| 4:44 | Queue | Villager (Male) |
| 4:44 | Queue | Villager (Male) |
| 5:26 | Build | House |
| 5:41 | Queue | Villager (Male) |
| 5:45 | Queue | Villager (Male) |
| 5:46 | Queue | Villager (Male) |
| 5:55 | Build | House |
| 6:17 | Build | House |
| 6:29 | Queue | Villager (Male) |
| 6:30 | Queue | Villager (Male) |
| 6:35 | Queue | Villager (Male) |
| 7:04 | Build | Mill |
| 7:08 | Queue | Villager (Male) |
| 7:09 | Queue | Villager (Male) |
| 7:09 | Queue | Villager (Male) |
| 7:10 | Queue | Villager (Male) |
| 8:39 | Research | Feudal Age |
| 8:51 | Build | Palisade Wall |
| 8:57 | Build | Palisade Wall |
| 9:04 | Build | Mining Camp |
| 9:56 | Build | Lumber Camp |
| 10:28 | Queue | Villager (Male) |
| 10:28 | Queue | Villager (Male) |
| 10:55 | Age | Feudal Age |
| 11:01 | Build | Market |
| 11:05 | Build | Stone Wall |
| 11:09 | Build | Outpost |
| 11:12 | Queue | Villager (Male) |
| 11:34 | Build | Blacksmith |
| 12:14 | Research | Castle Age |
| 12:16 | Research | Double-Bit Axe |
| 14:39 | Queue | Villager (Male) |
| 14:54 | Age | Castle Age |
| 14:58 | Build | Town Center |
| 15:01 | Build | Town Center |
| 15:02 | Research | Bow Saw |
| 15:03 | Research | Horse Collar |
| 15:09 | Queue | Villager (Male) |
| 15:41 | Build | Town Center |
| 15:42 | Queue | Villager (Male) |
| 15:53 | Queue | Villager (Male) |
| 16:17 | Queue | Villager (Male) |
| 16:20 | Queue | Villager (Male) |
| 16:21 | Queue | Villager (Male) |
| 16:27 | Research | Heavy Plow |
| 16:30 | Queue | Villager (Male) |
| 16:40 | Queue | Villager (Male) |
| 16:41 | Queue | Villager (Male) |
| 16:42 | Queue | Villager (Male) |
| 16:48 | Build | Farm |
| 16:51 | Build | Farm |
| 16:52 | Queue | Villager (Male) |
| 17:00 | Build | Farm |
| 17:04 | Queue | Villager (Male) |
| 17:08 | Queue | Villager (Male) |
| 17:09 | Queue | Villager (Male) |
| 17:11 | Build | Farm |
| 17:19 | Queue | Villager (Male) |
| 17:21 | Build | Farm |
| 17:28 | Build | Farm |
| 17:34 | Build | Farm |
| 17:35 | Queue | Villager (Male) |
| 17:38 | Queue | Villager (Male) |
| 17:38 | Queue | Villager (Male) |
| 17:43 | Queue | Villager (Male) |
| 17:44 | Queue | Villager (Male) |
| 17:45 | Queue | Villager (Male) |
| 17:47 | Build | Farm |
| 17:48 | Build | Farm |
| 17:52 | Build | Farm |
| 17:53 | Build | House |
| 18:09 | Queue | Villager (Male) |
| 18:16 | Build | Farm |
| 18:17 | Queue | Villager (Male) |
| 18:27 | Build | Mining Camp |
| 18:31 | Queue | Villager (Male) |
| 18:43 | Queue | Villager (Male) |
| 18:49 | Build | Mill |
| 18:56 | Build | Farm |
| 18:58 | Build | Farm |
| 19:00 | Build | Farm |
| 19:01 | Queue | Villager (Male) |
| 19:06 | Queue | Villager (Male) |
| 19:06 | Queue | Villager (Male) |
| 19:09 | Build | Farm |
| 19:09 | Build | Farm |
| 19:09 | Build | Farm |
| 19:10 | Build | Farm |
| 19:12 | Queue | Villager (Male) |
| 19:15 | Queue | Villager (Male) |
| 19:22 | Build | Stone Wall |
| 19:24 | Queue | Villager (Male) |
| 19:26 | Build | House |
| 19:28 | Build | House |
| 19:34 | Build | Farm |
| 19:34 | Build | Farm |
| 19:37 | Queue | Villager (Male) |
| 19:40 | Build | Farm |
| 19:41 | Build | Farm |
| 19:41 | Build | House |
| 19:50 | Build | Farm |
| 19:51 | Build | House |
| 19:51 | Queue | Villager (Male) |
| 19:53 | Queue | Villager (Male) |
| 19:55 | Build | Farm |
| 19:55 | Build | House |
| 19:57 | Build | Farm |
| 20:02 | Build | House |
| 20:03 | Build | House |
| 20:04 | Queue | Villager (Male) |
| 20:07 | Build | Stone Wall |
| 20:15 | Queue | Villager (Male) |
| 20:20 | Build | Farm |
| 20:22 | Build | Farm |
| 20:25 | Queue | Villager (Male) |
| 20:25 | Queue | Villager (Male) |
| 20:42 | Queue | Villager (Male) |
| 20:45 | Queue | Villager (Male) |
| 20:48 | Build | Stone Wall |
| 20:50 | Queue | Villager (Male) |
| 20:55 | Build | Mill |
| 20:56 | Build | Farm |
| 20:56 | Build | Farm |
| 20:56 | Build | Farm |
| 20:57 | Build | Farm |
| 21:00 | Build | Farm |
| 21:00 | Build | Farm |
| 21:03 | Build | Farm |
| 21:03 | Build | Farm |
| 21:05 | Queue | Villager (Male) |
| 21:08 | Build | Outpost |
Match timeline
| 0:38 | JoHan · wall_segment Palisade Wall x8 |
| 1:11 | BalvinatoR · wall_segment Palisade Wall x8 |
| 1:28 | BalvinatoR · wall_segment Palisade Wall x1 |
| 1:31 | BalvinatoR · wall_segment Palisade Wall x1 |
| 2:00 | JoHan · wall_segment Palisade Wall x9 |
| 2:15 | Sir Implosive Plopper · wall_segment Palisade Wall x1 |
| 2:19 | Sir Implosive Plopper · wall_segment Palisade Wall x1 |
| 2:39 | Sir Implosive Plopper · wall_segment Palisade Wall x6 |
| 2:44 | BalvinatoR · wall_segment Palisade Wall x1 |
| 2:50 | BalvinatoR · wall_segment Palisade Wall x7 |
| 3:21 | Voxer El Brazilian · wall_segment Palisade Wall x9 |
| 3:24 | BalvinatoR · wall_segment Palisade Wall x1 |
| 3:27 | Voxer El Brazilian · wall_segment Palisade Wall x1 |
| 3:29 | Voxer El Brazilian · wall_segment Palisade Wall x1 |
| 3:47 | Voxer El Brazilian · wall_segment Palisade Wall x6 |
| 4:14 | NakedNipples · first_building Dock |
| 5:18 | chaos_2_win · wall_segment Palisade Wall x8 |
| 5:59 | Sir Implosive Plopper · first_building Dock |
| 6:20 | BalvinatoR · wall_segment Palisade Wall x7 |
| 8:26 | BalvinatoR · wall_segment Palisade Wall x1 |
| 8:51 | JoHan · wall_segment Palisade Wall x1 |
| 8:57 | JoHan · wall_segment Palisade Wall x1 |
| 9:31 | BalvinatoR · age_up feudal |
| 9:34 | BalvinatoR · wall_segment Stone Wall x7 |
| 9:37 | BalvinatoR · wall_segment Stone Wall x1 |
| 9:38 | BalvinatoR · wall_segment Stone Wall x7 |
| 9:42 | InGodWeTrust · age_up feudal |
| 9:54 | Sage_of_Empires · first_building Barracks |
| 10:37 | Sage_of_Empires · age_up feudal |
| 10:55 | JoHan · age_up feudal |
| 10:58 | Sage_of_Empires · first_building Stable |
| 11:05 | JoHan · wall_segment Stone Wall x8 |
| 11:19 | Voxer El Brazilian · age_up feudal |
| 11:21 | chaos_2_win · age_up feudal |
| 11:46 | NakedNipples · age_up feudal |
| 13:02 | Sir Implosive Plopper · age_up feudal |
| 13:19 | BalvinatoR · first_market_sell 100 wood |
| 13:22 | Sir Implosive Plopper · wall_segment Stone Wall x6 |
| 13:37 | InGodWeTrust · first_market_buy 100 food |
| 14:08 | BalvinatoR · first_building Stable |
| 14:41 | Voxer El Brazilian · wall_segment Stone Wall x3 |
| 14:46 | JoHan · first_market_buy 100 stone |
| 14:53 | chaos_2_win · age_up castle |
| 14:54 | JoHan · age_up castle |
| 14:55 | Sage_of_Empires · age_up castle |
| 14:55 | Voxer El Brazilian · wall_segment Stone Wall x1 |
| 15:09 | chaos_2_win · first_building Monastery |
| 15:14 | Voxer El Brazilian · age_up castle |
| 15:16 | NakedNipples · age_up castle |
| 15:25 | Sir Implosive Plopper · wall_segment Stone Wall x10 |
| 16:03 | Voxer El Brazilian · wall_segment Stone Wall x1 |
| 16:03 | BalvinatoR · age_up castle |
| 16:05 | Sir Implosive Plopper · wall_segment Stone Wall x5 |
| 16:16 | chaos_2_win · first_market_sell 100 wood |
| 16:17 | Voxer El Brazilian · first_market_sell 100 wood |
| 16:18 | InGodWeTrust · age_up castle |
| 16:22 | InGodWeTrust · first_building Siege Workshop |
| 16:24 | Voxer El Brazilian · first_market_buy 100 stone |
| 16:33 | InGodWeTrust · wall_segment Palisade Wall x1 |
| 16:35 | InGodWeTrust · wall_segment Palisade Wall x1 |
| 16:37 | InGodWeTrust · wall_segment Palisade Wall x1 |
| 16:44 | BalvinatoR · first_building Siege Workshop |
| 16:57 | Sir Implosive Plopper · age_up castle |
| 17:01 | InGodWeTrust · first_building Barracks |
| 17:08 | BalvinatoR · wall_segment Palisade Wall x1 |
| 17:09 | BalvinatoR · wall_segment Palisade Wall x1 |
| 17:10 | BalvinatoR · wall_segment Palisade Wall x1 |
| 17:17 | Sir Implosive Plopper · wall_segment Stone Wall x3 |
| 17:26 | Sir Implosive Plopper · wall_segment Stone Wall x1 |
| 17:42 | InGodWeTrust · first_building Stable |
| 18:05 | NakedNipples · first_market_buy 500 food |
| 18:30 | BalvinatoR · wall_segment Stone Wall x1 |
| 18:40 | BalvinatoR · wall_segment Stone Wall x1 |
| 18:41 | BalvinatoR · wall_segment Stone Wall x1 |
| 18:42 | BalvinatoR · wall_segment Stone Wall x1 |
| 18:43 | BalvinatoR · wall_segment Stone Wall x1 |
| 18:47 | chaos_2_win · first_building Siege Workshop |
| 19:05 | NakedNipples · first_building Monastery |
| 19:12 | BalvinatoR · first_market_buy 100 stone |
| 19:13 | Sir Implosive Plopper · wall_segment Stone Wall x7 |
| 19:22 | JoHan · wall_segment Stone Wall x8 |
| 20:07 | JoHan · wall_segment Stone Wall x6 |
| 20:11 | Voxer El Brazilian · first_building Monastery |
| 20:36 | chaos_2_win · first_market_buy 100 food |
| 20:39 | Sir Implosive Plopper · wall_segment Stone Wall x5 |
| 20:48 | JoHan · wall_segment Stone Wall x3 |
| 21:00 | BalvinatoR · wall_segment Stone Wall x2 |
| 21:06 | BalvinatoR · wall_segment Stone Wall x5 |
| 21:12 | BalvinatoR · wall_segment Stone Wall x1 |
| 21:20 | JoHan · wall_segment Stone Wall x5 |
| 21:47 | JoHan · first_building Monastery |
| 22:09 | JoHan · wall_segment Stone Wall x8 |
| 22:14 | JoHan · wall_segment Stone Wall x7 |
| 22:32 | Sir Implosive Plopper · first_market_buy 100 wood |
| 22:58 | BalvinatoR · wall_segment Stone Wall x1 |
| 23:00 | JoHan · wall_segment Stone Wall x10 |
| 23:11 | Voxer El Brazilian · wall_segment Stone Wall x10 |
| 23:29 | BalvinatoR · wall_segment Stone Wall x1 |
| 24:15 | NakedNipples · first_building Castle |
| 24:28 | Sir Implosive Plopper · first_market_sell 500 food |
| 24:42 | Sir Implosive Plopper · first_building Monastery |
| 24:56 | JoHan · first_building Castle |
| 25:07 | Sir Implosive Plopper · first_building Barracks |
| 25:56 | InGodWeTrust · first_building Castle |
| 26:12 | Sir Implosive Plopper · first_building Castle |
| 26:25 | NakedNipples · first_market_sell 100 food |
| 26:39 | Sir Implosive Plopper · first_building Stable |
| 26:43 | JoHan · first_building Siege Workshop |
| 27:30 | Voxer El Brazilian · first_building Castle |
| 27:39 | chaos_2_win · age_up imperial |
| 27:48 | Sir Implosive Plopper · first_building Siege Workshop |
| 28:05 | JoHan · first_building Barracks |
| 28:18 | InGodWeTrust · wall_segment Palisade Wall x11 |
| 28:19 | NakedNipples · age_up imperial |
| 28:27 | chaos_2_win · first_building Castle |
| 28:57 | Voxer El Brazilian · age_up imperial |
| 29:03 | Sir Implosive Plopper · age_up imperial |
| 29:08 | Sage_of_Empires · first_building Castle |
| 29:11 | NakedNipples · first_building Barracks |
| 29:12 | JoHan · age_up imperial |
| 29:24 | Sage_of_Empires · first_building Monastery |
| 30:06 | Voxer El Brazilian · first_building Barracks |
| 30:18 | JoHan · first_market_sell 100 stone |
| 30:32 | Sage_of_Empires · first_building Archery Range |
| 30:35 | NakedNipples · first_building Archery Range |
| 30:59 | chaos_2_win · wall_segment Stone Wall x8 |
| 31:14 | Voxer El Brazilian · first_building Stable |
| 31:51 | InGodWeTrust · age_up imperial |
| 32:17 | chaos_2_win · first_building Barracks |
| 32:29 | JoHan · wall_segment Stone Wall x1 |
| 32:29 | JoHan · wall_segment Stone Wall x1 |
| 32:32 | BalvinatoR · first_building Castle |
| 33:14 | NakedNipples · tribute_sent a jugador 1 |
| 33:14 | NakedNipples · tribute_sent a jugador 2 |
| 33:14 | NakedNipples · tribute_sent a jugador 3 |
| 33:14 | NakedNipples · tribute_sent a jugador 5 |
| 33:14 | NakedNipples · tribute_sent a jugador 6 |
| 33:14 | NakedNipples · tribute_sent a jugador 7 |
| 33:14 | NakedNipples · tribute_sent a jugador 8 |
| 33:17 | BalvinatoR · age_up imperial |
| 33:18 | Sage_of_Empires · age_up imperial |
| 33:33 | Sage_of_Empires · first_market_sell 100 wood |
| 34:02 | BalvinatoR · wall_segment Stone Wall x1 |
| 34:04 | BalvinatoR · wall_segment Stone Wall x1 |
| 34:06 | BalvinatoR · wall_segment Stone Wall x1 |
| 34:24 | NakedNipples · tribute_sent a jugador 1 |
| 34:24 | NakedNipples · tribute_sent a jugador 2 |
| 34:24 | NakedNipples · tribute_sent a jugador 3 |
| 34:24 | NakedNipples · tribute_sent a jugador 5 |
| 34:24 | NakedNipples · tribute_sent a jugador 6 |
| 34:24 | NakedNipples · tribute_sent a jugador 7 |
| 34:24 | NakedNipples · tribute_sent a jugador 8 |
| 34:40 | chaos_2_win · wall_segment Palisade Wall x1 |
| 35:37 | chaos_2_win · resign |
[ AI ANALYSIS · 1 CREDIT ]
What really happened in this match?
Wolo.gg analyzes every decision: build order, eco, micro, common mistakes by bracket. Personalized analysis on WhatsApp or Discord in 30 seconds.
Civ guide
Khmer
Perfil
BalvinatoR